AoeStats
← turlockjj

Arabia

508144667Analyzed
1v1 RM · 12d ago on Sep 21, 2026· 41m 0s· 2 players
Game mode
Random Map
Map size
Tiny (2 player)
Population
200
Speed
Normal
Resources
Standard
Victory
Conquest
Starting age
Dark Age
Ending age
Imperial Age
RankedLock teamsTeams togetherTeam positionsShared explorationLock speedFull tech treeHidden civsTurbo modeCheats
Victory
Defeat
🇺🇸 Slavs · United States
789
+16
🇺🇸 Portuguese · United States
786
-34
turlockjj
11:48 Feudal Age
13:46 Wheelbarrow
13:53 Horse Collar
14:19 Double-Bit Axe
14:37 Man-at-Arms
23:50 Bloodlines
28:39 Castle Age
29:42 Crossbowman
29:47 Long Swordsman
29:49 Pikeman
31:55 Husbandry
32:06 Thumb Ring
33:20 Gambesons
37:04 Heavy Plow
MajorPansy
2:43 Loom
14:09 Feudal Age
15:34 Horse Collar
15:56 Double-Bit Axe
17:38 Wheelbarrow
22:36 Castle Age
21:12 Stone Mining
21:47 Gold Mining
23:54 Hand Cart
23:41 Heavy Plow
23:54 Bow Saw
32:22 Imperial Age
30:31 Masonry
30:24 Fletching
31:45 Gold Shaft Mining
31:20 Bodkin Arrow
31:48 Light Cavalry
32:55 Padded Archer Armor
33:19 Ballistics
33:55 Bloodlines
33:47 Husbandry
34:07 Siege Engineers
35:13 Hussar
37:52 Chemistry
37:51 Detinets
39:12 Two-Man Saw
38:20 Town Watch
39:19 Hoardings
39:04 Leather Archer Armor
39:36 Murder Holes
40:37 Crop Rotation
Connection lost

Rejoining the realm…

Still unreachable

The connection could not be restored.

Session expired

The server has moved on; the page needs a fresh start.